 Dungeon Crawl Stone Soup version 0.24-a0-439-g6dd8730de2 (webtiles) character file.

Game seed: 8633248943285879288

523 HAL9000 the Changer (level 7, -1/52 HPs)
             Began as a Red Draconian Transmuter on June 18, 2019.
             Slain by a wight
             ... wielding a +1 falchion
              (8 damage)
             ... on level 3 of the Dungeon.
             The game lasted 00:08:29 (4494 turns).

HAL9000 the Changer (Red Draconian Transmuter)      Turns: 4494, Time: 00:08:30

Health: -1/52      AC:  2    Str: 12    XL:     7   Next: 2%
Magic:  3/10       EV: 17    Int: 15    God:
Gold:   252        SH:  0    Dex: 17    Spells: 4/10 levels left

rFire    . . .     SeeInvis .     - Unarmed
rCold    . . .     Gourm    .   (shield currently unavailable)
rNeg     . . .     Faith    .   (armour unavailable)
rPois    x         Spirit   .   (helmet currently unavailable)
rElec    .         Reflect  .   (cloak currently unavailable)
rCorr    +         Harm     .   (gloves currently unavailable)
MR       .....                  (boots currently unavailable)
Stlth    ++........             (no amulet)
HPRegen  0.17/turn              q - ring of resist corrosion
MPRegen  0.12/turn              (no ring)

@: spider-form (expiring), heavily drained
A: tiny, (breathe fire), unfitting armour, AC +6
a: End Transformation


You were on level 3 of the Dungeon.
You were not hungry.
You were a venomous arachnid creature.
You visited 1 branch of the dungeon, and saw 4 of its levels.

You collected 252 gold pieces.

Inventory:

Missiles
 a - 28 arrows
 t - a throwing net (quivered)
Armour
 d - a +0 cloak (melded)
 h - a +0 pair of gloves (melded)
 o - a +1 hat (melded)
Jewellery
 q - a ring of resist corrosion (left front leg)
Wands
 i - a wand of acid (10)
Scrolls
 f - 2 scrolls of teleportation {unknown}
 g - a scroll of identify
 m - a scroll of remove curse
 n - a scroll of fear {unknown}
 s - a scroll of enchant weapon {unknown}
Potions
 b - 4 potions of lignification
 e - 4 potions of curing
 j - a potion of agility {unknown}
 k - a potion of brilliance {unknown}
 l - a potion of ambrosia {unknown}
 p - a potion of degeneration {unknown}
 r - a potion of cancellation {unknown}
Comestibles
 c - 8 rations


   Skills:
 - Level 1.1(0.0) Fighting
 - Level 1.7(0.0) Dodging
 - Level 4.0(2.0) Unarmed Combat
 - Level 2.0(0.2) Spellcasting
 + Level 7.2(5.1) Transmutations


You had 4 spell levels left.
You knew the following spells:

 Your Spells              Type           Power        Failure   Level  Hunger
a - Beastly Appendage     Tmut           ###...       11%         1    ##.....
b - Sticks to Snakes      Tmut           ###.....     14%         2    ###....
c - Spider Form           Tmut/Pois      #.........   50%         3    ####...

Your spell library contained the following spells:

 Spells                   Type           Power        Failure   Level  Hunger
 Ice Form                 Ice/Tmut       #.......     85%         4    #####..
 Blade Hands              Tmut           ###.......   83%         5    ######.


Dungeon Overview and Level Annotations

Branches:
Dungeon (4/15)
 Temple: D:4-7

Altars:

Shops:
D:4 *[


Innate Abilities, Weirdness & Mutations

((You can breathe blasts of fire.))
((Your fiery red scales are hard. (AC +6)))
You cannot fit into any form of body armour.
((Your flesh is heat resistant. (rF+)))
((You are cold-blooded and may be slowed by cold attacks.))


Message History

The wight is moderately damaged.
Unknown command.
You hit the wight.
The wight is heavily damaged.
The wight hits you with a +1 falchion.
* * * LOW HITPOINT WARNING * * *
You feel drained.
You hit the wight but do no damage.
The wight is heavily damaged.
Your transformation is almost over.
The wight barely misses you.
Unknown command.
You hit the wight but do no damage.
The wight is heavily damaged.
The wight hits you with a +1 falchion.
* * * LOW HITPOINT WARNING * * *
You barely miss the wight.
The wight is heavily damaged.
The wight hits you with a +1 falchion!
You die...

....# #..........# #......
.##############'##..#.#
####### .#
#...........###.#.###########
.#
#.########.....†#....##......
.####.# ####.##..####.##.#####
##....######....##..###.....#
......)...##.#####..#....####
.............>.z.#..#.#....#
##.#.####..#..##s####'####.#
...#.# ##.#..#..........#.###
...#.# ##....#..........#...#
#.##.####.....#..........###.#
#.......#.#...#..........###.#
####.##.#.#...#..............#
#.#...................#####
#.#...................#
#...###...............#


You could see a wight.

Vanquished Creatures
  An ogre (D:4)
  A bullfrog (D:3)
  3 wights
  2 hounds
  A bullfrog skeleton (D:4)
  An iguana (D:4)
  4 gnolls
  3 adders
  An adder skeleton (D:4)
  2 worms (D:2)
  2 dart slugs
  2 leopard geckos
  8 orcs
  A ball python (D:1)
  4 bats
  2 giant cockroaches (D:1)
  5 goblins
  5 hobgoblins
  2 jackals (D:3)
  6 kobolds
  3 frilled lizards (D:1)
  11 rats
70 creatures vanquished.

Vanquished Creatures (collateral kills)
  A goblin (D:3)
1 creature vanquished.

Grand Total: 71 creatures vanquished

Notes
Turn   | Place    | Note
-------+----------+-------------------------------------------
     0 | D:1      | HAL9000 the Draconian Transmuter began the quest for the
                  | Orb.
     0 | D:1      | Reached XP level 1. HP: 16/16 MP: 3/3
    80 | D:1      | Reached XP level 2. HP: 11/23 MP: 3/5
  1021 | D:2      | Reached XP level 3. HP: 18/28 MP: 4/6
  1043 | D:2      | Learned a level 2 spell: Sticks to Snakes
  1047 | D:2      | Learned a level 3 spell: Spider Form
  1543 | D:2      | Reached skill level 3 in Transmutations
  1543 | D:2      | Reached XP level 4. HP: 15/35 MP: 5/7
  2342 | D:3      | Reached skill level 4 in Transmutations
  2863 | D:3      | Reached XP level 5. HP: 39/40 MP: 8/8
  2986 | D:3      | Reached skill level 5 in Transmutations
  3440 | D:4      | Reached XP level 6. HP: 30/47 MP: 7/9
  3466 | D:4      | Reached skill level 6 in Transmutations
  3593 | D:4      | Found Kata Zyc's Armour Shop.
  3778 | D:4      | Found Iklonie's Assorted Antiques.
  4059 | D:3      | Reached skill level 7 in Transmutations
  4436 | D:4      | Your scales start taking on a fiery red colour.
  4436 | D:4      | Reached XP level 7. HP: 23/52 MP: 5/10
  4436 | D:4      | Gained mutation: Your flesh is heat resistant. (rF+) [Red
                  | Draconian growth]
  4494 | D:3      | Slain by a wight

Levels and vault maps discovered:
D:1:      dpeg_arrival_tiny_f, layout_basic
D:2:      layout_basic, first_ration
D:3:      layout_basic
D:4:      layout_basic, kennysheep_little_box, fedhas_altar_2, serial_shops,
          shop, nicolae_shop_trees, shop, shop, st_stairs_6,
          kennysheep_decorative_pillar, grunt_ministairs_13

Skill      XL: |  1  2  3  4  5  6 |
---------------+-------------------+-----
Unarmed Combat | 4 |  4.0
Transmutations | 3 4 5 7 |  7.2
Fighting       | |  1.1
Dodging        | |  1.7
Spellcasting   | |  2.0

Action                   |  1- 3 |  4- 6 |  7- 9 || total
-------------------------+-------+-------+-------++-------
Melee: Unarmed           |    99 |   194 |     6 ||   299
       Headbutt          |     6 |     3 |       ||     9
       Tailslap          |     4 |     8 |       ||    12
       Kick              |     1 |     8 |       ||     9
       Punch             |     1 |       |       ||     1
 Cast: Beastly Appendage |    12 |    11 |       ||    23
       Spider Form       |       |    10 |     2 ||    12
       Sticks to Snakes  |       |     5 |       ||     5
 Abil: End Transformatio |       |     1 |       ||     1
  Use: Scroll            |       |     4 |       ||     4
  Eat: Chunk             |     1 |    10 |       ||    11
       Ration            |       |     1 |       ||     1
Armor: Skin              |    38 |    45 |       ||    83
Dodge: Dodged            |    78 |   113 |     4 ||   195

Table legend:
 A = Non-vault XP
 B = Vault XP
 C = Vault XP percentage of total XP
 D = Non-vault monster count
 E = Vault monster count
 F = Vault count percentage of total count
                 A         B        C        D         E       F
            +---------+---------+-------+---------+---------+-------
      Total |     706 |      42 |   5.6 |      70 |       1 |   1.4
            +---------+---------+-------+---------+---------+-------
        D:1 |      34 |       0 |   0.0 |      21 |       0 |   0.0
        D:2 |      94 |       0 |   0.0 |      14 |       0 |   0.0
        D:3 |     233 |       0 |   0.0 |      21 |       0 |   0.0
        D:4 |     345 |      42 |  10.9 |      14 |       1 |   6.7
            +---------+---------+-------+---------+---------+-------
